 Dungeon Crawl Stone Soup version 0.29-a0-284-gf9362112df (webtiles) character file.

Game seed: 11146774415369149433

27906 spaghetti the Tortoise (level 13, -7/91 HPs)
             Began as a Tengu Berserker on Mar 22, 2022.
             Was a Priest of Trog.
             Mangled by a centaur warrior (9 damage)
             ... on level 14 of the Dungeon.
             The game lasted 00:26:43 (17674 turns).

spaghetti the Tortoise (Tengu Berserker)           Turns: 17674, Time: 00:26:43

Health: -7/91      AC: 18    Str: 19    XL:     13   Next: 35%
Magic:  14/14      EV: 17    Int:  9    God:    Trog [***...]
Gold:   1090       SH:  0    Dex: 16    Spells: 12/12 levels left

rFire   . . .      SeeInvis .   d - +5 rapier (vamp) {short}
rCold   . . .      Faith    .   (no shield)
rNeg    . . .      Spirit   .   I - +0 plate armour
rPois   .          Reflect  .   (helmet restricted)
rElec   .          Harm     .   L - +0 cloak
rCorr   .          Rampage  .   (no gloves)
Will    ++...                   (boots unavailable)
Stlth   ..........              N - amulet of magic regeneration {@e2}
HPRegen 1.25/turn               m - +4 ring of evasion
MPRegen 0.54/turn               (no ring)

@: strong-willed, on berserk cooldown, flying quickly and evasively,
regenerating, slowed, very slow
A: beak, talons 3, nimble flight
a: Renounce Religion, Berserk, Trog's Hand


You were on level 14 of the Dungeon.
You worshipped Trog.
Trog was most pleased with you.
You visited 2 branches of the dungeon, and saw 16 of its levels.
You also visited: Ossuary.

You collected 1090 gold pieces.


Innate Abilities, Weirdness & Mutations

You have a beak for a mouth.
You have claws for feet.
Your magical nature lets you fly swiftly and evasively.


   Skills:
 * Level 14.5 Fighting
 - Level 3.2 Short Blades
 - Level 15.3 Armour
 + Level 11.4 Dodging
 - Level 1.6 Stealth
 - Level 13.4 Shields


You had 12 spell levels left.
You didn't know any spells.
Your spell library contained the following spells:

 Spells                   Type           Power      Damage    Failure   Level
 Sandblast                Erth           0%         2d4       99%         1
 Passwall                 Tmut/Erth      0%         N/A       100%        2
 Ozocubu's Armour         Ice            0%         N/A       100%        3
 Stone Arrow              Conj/Erth      0%         3d7       100%        3
 Summon Guardian Golem    Hex/Summ       0%         N/A       100%        3
 Alistair's Intoxication  Tmut/Pois      0%         N/A       100%        5
 Borgnjor's Vile Clutch   Necr/Erth      0%         N/A       100%        5
 Metabolic Englaciation   Hex/Ice        0%         N/A       100%        5
 Summon Forest            Summ/Tloc      0%         N/A       100%        5
 Eringya's Noxious Bog    Tmut/Pois      0%         N/A       100%        6
 Simulacrum               Ice/Necr       0%         N/A       100%        6
 Orb of Destruction       Conj           0%         9d5       100%        7
 Spellforged Servitor     Conj/Summ      0%         N/A       100%        7
 Summon Hydra             Summ           0%         N/A       100%        7

Inventory:

Hand Weapons
 a - a +0 short sword {short}
 d - a +5 vampiric rapier (weapon) {short}
   (You acquired it on level 1 of the Dungeon)
 K - the +10 mace of the Vulture {vorpal, rF- Str+5, mace}
   (You found it on level 9 of the Dungeon)

   It inflicts extra damage upon your enemies.
   Str:       It affects your strength (+5).
   rF:        It makes you vulnerable to fire.
Missiles
 c - 19 poisoned darts {throwing}
 e - a boomerang {throwing}
 f - 451 stones (quivered) {throwing}
 n - 2 throwing nets {=f!fthrowing}
 o - 3 curare-tipped darts {=fthrowing}
Armour
 b - a +0 animal skin
 j - a +0 cloak
   (You found it on level 3 of the Dungeon)
 k - a +1 leather armour of fire resistance
   (You found it on level 2 of the Dungeon)
 I - a +0 plate armour (worn)
   (You found it on level 9 of the Dungeon)
 L - a +0 cloak (worn)
   (You found it on level 9 of the Dungeon)
Jewellery
 m - a +4 ring of evasion (left hand)
   (You found it on level 3 of the Dungeon)
 p - a ring of positive energy
   (You found it on level 4 of the Dungeon)
 q - a ring of ice
   (You found it on level 6 of the Dungeon)
 N - an amulet of magic regeneration (around neck) {@e2}
   (You found it on level 11 of the Dungeon)
Wands
 i - a wand of flame (15)
   (You found it on level 2 of the Dungeon)
 v - a wand of digging (6)
   (You found it on level 14 of the Dungeon)
 w - a wand of polymorph (8)
   (You took it off an orc on level 8 of the Dungeon)
 J - a wand of charming (4)
   (You found it on level 10 of the Dungeon)
 M - a wand of mindburst (7)
   (You found it on level 10 of the Dungeon)
 R - a wand of iceblast (6)
   (You found it on level 12 of the Dungeon)
Scrolls
 r - 10 scrolls of teleportation {@r4}
 x - 2 scrolls of enchant armour
 y - a scroll of magic mapping {!r}
 z - 4 scrolls of immolation {!r!r}
 B - 3 scrolls of brand weapon
 F - 3 scrolls of fog
 G - 3 scrolls of vulnerability {!r!r}
 H - 2 scrolls of torment {!r}
 P - 6 scrolls of identify {@r1}
 Q - 2 scrolls of noise {!r}
Potions
 g - 7 potions of curing {@q1}
 l - a potion of flight
 s - 3 potions of resistance
 t - a potion of brilliance
 A - a potion of ambrosia
 C - 4 potions of might
 D - 3 potions of degeneration {!q@e2}
 E - 2 potions of lignification {!q}
Miscellaneous
 u - a phantom mirror
   (You found it on level 14 of the Dungeon)

Dungeon Overview and Level Annotations

Branches:
Dungeon (14/15)            Temple (0/1) D:6            Lair (2/6) D:10
    Orc (0/2) D:12        Ossuary (visited)
  Swamp: Lair:2-4    Shoals: Lair:2-4     Snake: Lair:2-4    Spider: Lair:2-4
 Vaults: D:13-14

Altars:
Gozag
Beogh

Shops:
D:12

[ #..........#.##...##..>....
#######.#......#.#...............
#.)..............................
######..#.#.#####################
#......#. ......... #..#.#.#..
...).....
#....#.#.9###############..#
#.####.#.hcuRu†......# #...#
###....#.Hy@uu.......###...#
#....#'##########..##...## #....#
#..#....#. ##....# #......##.
#.....# ##....###.. #.....#
#..####.... #.....# #'##.......
##....# ##.......... #....#
#...........


You could see a centaur warrior (ally target), a manticore, a meliai (ally
target), 4 friendly ugly things, a friendly efreet (summoned), a friendly hog
(summoned) and a friendly gargoyle (summoned).


Message History

You hit the tengu warrior.
You feel better.
You claw the tengu warrior, but do no damage.
You peck the tengu warrior! The tengu warrior closely misses you.
The tengu warrior pecks you but does no damage.
The tengu warrior claws you. 😕 HP[+4]
You regained 4 hp, and now have 113/136 hp.
Unknown command.
You closely miss the tengu warrior. Your kick misses the tengu warrior.
Your peck misses the tengu warrior. The tengu warrior closely misses you.
The tengu warrior misses you.
The tengu warrior claws you but does no damage.
You puncture the tengu warrior!
You feel better.
You peck the tengu warrior!
You kill the tengu warrior!
Trog accepts your kill.
A meliai comes into view. It is wielding a +0 hand axe. 😕 HP[+7]
You regained 7 hp, and now have 120/136 hp.
The meliai buzzes angrily.
Things that are here:
a +0 great sword {long}; a +0 leather armour You feel a strong urge to attack something.
You are no longer berserk.
You are exhausted.
You feel yourself slow down.
The meliai calls down the wrath of its god upon you.
Something smites you! 😮 HP[-54]
You now have 91 max hp (-45).
You take 54 damage, and now have 66/91 hp.
MASSIVE DAMAGE!! (PAUSE)
The meliai hits you with a +0 hand axe!
The meliai stings you but does no damage.
The meliai mumbles some strange prayers to its god against you.
Something smites you! 😮 HP[-16]
You take 16 damage, and now have 50/91 hp.
You closely miss the meliai. The meliai closely misses you. x2
A centaur warrior comes into view.
The meliai hits you with a +0 hand axe!
* * * LOW HITPOINT WARNING * * *
The meliai stings you but does no damage.
The meliai barely misses you. The meliai misses you. 😨 HP[-7]
You take 7 damage, and now have 43/91 hp.
You hit the meliai.
You feel better.
You claw the meliai. You peck the meliai.
The meliai mumbles some strange prayers to its god against you.
Something smites you!
* * * LOW HITPOINT WARNING * * *
The meliai hits you but does no damage. The meliai closely misses you.
The centaur warrior closely misses you. The centaur warrior kicks you.
* * * LOW HITPOINT WARNING * * *
The meliai barely misses you. x2
The centaur warrior completely misses you.
The centaur warrior kicks you but does no damage. 😨 HP[-12]
You take 12 damage, and now have 31/91 hp.
You hit the meliai. Your kick misses the meliai. You peck the meliai.
The meliai hits you with a +0 hand axe.
* * * LOW HITPOINT WARNING * * *
The meliai stings you.
* * * LOW HITPOINT WARNING * * *
The meliai barely misses you. The meliai misses you.
The centaur warrior hits you but does no damage.
The centaur warrior kicks you but does no damage.
The meliai hits you with a +0 hand axe.
* * * LOW HITPOINT WARNING * * *
The meliai closely misses you.
The centaur warrior completely misses you. x2
A manticore comes into view. 😱 HP[-11]
You take 11 damage, and now have 20/91 hp.
Unknown command.
Okay, then.
Your skin crawls.
You feel strong-willed. The meliai closely misses you.
The meliai stings you but does no damage.
The centaur warrior closely misses you. The centaur warrior barely misses you.
The meliai barely misses you. The meliai completely misses you.
The centaur warrior hits you!
* * * LOW HITPOINT WARNING * * *
The centaur warrior barely misses you. The meliai hits you with a +0 hand axe.
* * * LOW HITPOINT WARNING * * *
The meliai stings you.
* * * LOW HITPOINT WARNING * * *
😱 HP[-16]
You take 16 damage, and now have 4/91 hp.
Unknown command.
As you read the scroll of summoning, it crumbles to dust.
Wisps of shadow whirl around you... The meliai hits you with a +0 hand axe.
* * * LOW HITPOINT WARNING * * *
The meliai hits your purple ugly thing but does no damage.
The meliai hits your hog with a +0 hand axe!
The meliai closely misses you. The centaur warrior misses you.
The centaur warrior barely misses you. The meliai closely misses you.
The meliai hits your purple ugly thing with a +0 hand axe.
The meliai hits your hog with a +0 hand axe!
The meliai closely misses you. The centaur warrior hits you!
You die...

Skill      XL: |  1  2  3  4  5  6  7  8  9 10 11 12 13 |
---------------+----------------------------------------+-----
Stealth        | 1 |  1.6
Armour         | 3 5 7 8 10 13 15 | 15.3
Fighting       | 4 7 9 10 13 14 | 14.5
Dodging        | 3 5 6 8 10 11 | 11.4
Shields        | 7 10 13 | 13.4
Short Blades   | |  3.2

Action                   |  1- 3 |  4- 6 |  7- 9 | 10-12 | 13-15 || total
-------------------------+-------+-------+-------+-------+-------++-------
Melee: Short sword       |    66 |       |       |       |       ||    66
       Peck              |    24 |    13 |    47 |   146 |    36 ||   266
       Kick              |    27 |    22 |    75 |   235 |    37 ||   396
       Punch             |     4 |     1 |     3 |    11 |     1 ||    20
       Rapier            |    38 |    93 |   238 |   593 |    96 ||  1058
       Mace              |       |       |       |    57 |       ||    57
Throw: Stone             |    28 |    20 |    64 |   122 |       ||   234
       Dart              |     4 |       |       |       |       ||     4
Invok: Berserk           |     1 |     2 |     6 |    24 |     3 ||    36
       Trog's Hand       |     1 |       |       |     2 |     4 ||     7
       Brothers in Arms  |       |       |       |     1 |     3 ||     4
Evoke: Wand              |     4 |       |       |     1 |       ||     5
  Use: Scroll            |     4 |     6 |     9 |     4 |     6 ||    29
       Potion            |     2 |       |       |     3 |     7 ||    12
 Stab: Sleeping          |     2 |       |       |       |       ||     2
       Invisible         |     3 |       |       |       |       ||     3
Armor: Animal skin       |    16 |     9 |       |       |       ||    25
       Skin              |     3 |       |       |       |       ||     3
       Leather armour    |       |     9 |    31 |     1 |       ||    41
       Plate armour      |       |       |       |   475 |    57 ||   532
Dodge: Dodged            |    49 |    57 |   231 |   733 |   127 ||  1197

Levels and vault maps discovered:
D:1:      lemuel_arrival_tunnels, layout_loops_ring,
          hellmonk_ecumenical_altar_zigzags, minmay_hedge_maze
D:2:      layout_basic, eino_tiny_chamber, supply_closet_lemuel
D:3:      layout_basic, serial_bayou_lagoon_a, minivault_14, minmay_puff,
          uniq_natasha
D:4:      layout_basic, nicolae_concentric_dashed_squares_wild
D:5:      layout_basic, serial_glass, glass_columns_c, glass_columns_a,
          glass_columns_c
D:6:      layout_basic, minmay_temple_entry_statues_pillars, uniq_blork_the_orc
D:7:      minmay_klotski, layout_cave_pools, nicolae_ossuary_entry_monument
D:8:      layout_cave_pools, hangedman_decor_push, uniq_joseph
D:9:      layout_basic, hex_tiny, serial_bayou_pond_c, uniq_harold, uniq_erolcha
D:10:     layout_basic, lemuel_doored_altar, grunt_lair_entry_orc_guard_hut,
          serial_curves, eino_curves_04, eino_curves_02
D:11:     layout_small_grid
D:12:     layout_gridville, david_orc_5, serial_rivers,
          chequers_serial_rivers_micro_c, chequers_serial_rivers_micro_c,
          chequers_serial_rivers_room_b, chequers_serial_rivers_small_b,
          chequers_serial_rivers_room_b, chequers_serial_rivers_large_a,
          serial_shops, nicolae_square_shop, minmay_gold_behind_fungi
D:13:     layout_cave_pools, drop_trap
D:14:     minmay_quarter_circles, layout_basic, grunt_vaults_entry_fortified,
          gauntlet_entry_generic, minmay_misc_feat_ornament, uniq_jorgrun
Lair:1:   layout_hall_layers, lemuel_fruit_fields
Lair:2:   layout_loops_ring, minmay_snake_entry_six_corridors,
          hellmonk_ghost_happy_afterlife, minivault_25,
          infiniplex_staircase_pool_2

Notes
Turn   | Place    | Note
-------+----------+-------------------------------------------
     0 | D:1      | spaghetti the Tengu Berserker began the quest for the Orb.
     0 | D:1      | Reached XP level 1. HP: 14/14 MP: 2/2
     0 | D:1      | magus.rc [v1.9.6]
   106 | D:1      | Reached skill level 1 in Stealth
   118 | D:1      | Reached XP level 2. HP: 9/19 MP: 3/3
   285 | D:1      | Identified 2 scrolls of acquirement
   285 | D:1      | Acquired a +5 rapier of holy wrath
   287 | D:1      | Acquired a manual of Armour
   517 | D:1      | Reached skill level 3 in Armour
   517 | D:1      | Found a faded altar of an unknown god.
   989 | D:1      | Reached XP level 3. HP: 23/23 MP: 4/4
  1013 | D:1      | Reached skill level 4 in Armour
  1549 | D:2      | Reached ** piety under Trog
  1588 | D:2      | You pick up a book of Dangerous Friends {forbidden} and
                  | begin reading...
  1588 | D:2      | You add the spells Summon Guardian Golem, Orb of
                  | Destruction and Spellforged Servitor to your library.
  1654 | D:3      | Reached skill level 5 in Armour
  1796 | D:3      | HP: 2/23 [orc/+0 flail of protection (7)]
  1808 | D:3      | HP: 8/34 [orc/+0 trident (4)]
  1816 | D:3      | Reached XP level 4. HP: 12/28 MP: 5/5
  2092 | D:3      | Reached skill level 6 in Armour
  2095 | D:3      | Reached skill level 7 in Armour
  2095 | D:3      | Gained mutation: Your magical nature lets you fly swiftly
                  | and evasively. [Tengu growth]
  2095 | D:3      | Reached XP level 5. HP: 19/32 MP: 6/6
  2450 | D:3      | You pick up a book of Winter {forbidden} and begin
                  | reading...
  2450 | D:3      | You add the spells Ozocubu's Armour, Metabolic Englaciation
                  | and Simulacrum to your library.
  3064 | D:2      | Reached skill level 8 in Armour
  3503 | D:2      | Reached *** piety under Trog
  3675 | D:3      | Noticed Natasha
  3681 | D:3      | Killed Natasha
  3682 | D:3      | Reached XP level 6. HP: 37/37 MP: 7/7
  3739 | D:3      | Reached skill level 9 in Armour
  3930 | D:4      | Reached skill level 10 in Armour
  4074 | D:4      | Reached XP level 7. HP: 33/41 MP: 8/8
  4108 | D:4      | You add the spells Summon Forest, Eringya's Noxious Bog and
                  | Summon Hydra to your library.
  4123 | D:4      | Reached skill level 11 in Armour
  4472 | D:5      | Entered Level 5 of the Dungeon
  4542 | D:5      | Reached skill level 12 in Armour
  5004 | D:6      | Noticed Blork the orc
  5010 | D:6      | Killed Blork the orc
  5011 | D:6      | Reached skill level 13 in Armour
  5011 | D:6      | Reached XP level 8. HP: 46/46 MP: 9/9
  5366 | D:6      | Reached skill level 14 in Armour
  5696 | D:6      | Found a staircase to the Ecumenical Temple.
  5767 | D:7      | Reached skill level 15 in Armour
  6335 | D:7      | Reached skill level 4 in Fighting
  6335 | D:7      | Reached skill level 3 in Dodging
  6380 | D:7      | Found a sand-covered staircase.
  6436 | Ossuary  | Entered an ossuary
  6443 | Ossuary  | Reached **** piety under Trog
  6455 | Ossuary  | Reached XP level 9. HP: 33/52 MP: 10/10
  7025 | D:8      | Acquired a manual of Shields
  7107 | D:8      | Noticed a two-headed ogre
  7117 | D:8      | Killed a two-headed ogre
  7118 | D:8      | Reached skill level 5 in Fighting
  7118 | D:8      | Reached skill level 4 in Dodging
  7118 | D:8      | Reached skill level 4 in Shields
  7308 | D:8      | Noticed Joseph
  7327 | D:8      | Killed Joseph
  7328 | D:8      | Reached skill level 6 in Fighting
  7328 | D:8      | Reached skill level 5 in Shields
  7750 | D:8      | Reached skill level 6 in Shields
  7788 | D:8      | HP: 10/56 [yak (10)]
  7792 | D:8      | Reached skill level 5 in Dodging
  7796 | D:8      | Reached skill level 7 in Fighting
  7796 | D:8      | Reached skill level 7 in Shields
  7796 | D:8      | Reached XP level 10. HP: 42/63 MP: 11/11
  8178 | D:9      | Noticed Harold
  8187 | D:9      | Killed Harold
  8188 | D:9      | Reached skill level 8 in Shields
  8309 | D:9      | Identified the +10 mace of the Vulture {vorpal, rF- Str+5}
  8390 | D:9      | Reached skill level 6 in Dodging
  8645 | D:9      | Reached skill level 9 in Shields
  8658 | D:9      | Reached skill level 8 in Fighting
  8820 | D:9      | Noticed Erolcha
  8826 | D:9      | Killed Erolcha
  9042 | D:9      | Reached skill level 10 in Shields
  9145 | D:9      | Reached skill level 9 in Fighting
  9145 | D:9      | Reached XP level 11. HP: 64/71 MP: 12/12
  9343 | D:9      | Reached skill level 7 in Dodging
  9343 | D:9      | Reached skill level 11 in Shields
  9589 | D:9      | Reached ***** piety under Trog
  9772 | D:10     | Entered Level 10 of the Dungeon
  9811 | D:10     | HP: 17/71 [shadow (7)]
 10240 | D:10     | Found a staircase to the Lair.
 10265 | Lair:1   | Entered Level 1 of the Lair of Beasts
 10347 | Lair:1   | Reached skill level 12 in Shields
 10368 | Lair:1   | HP: 10/72 [komodo dragon (23)]
 10369 | Lair:1   | Reached skill level 10 in Fighting
 10599 | Lair:1   | You add the spells Alistair's Intoxication and Borgnjor's
                  | Vile Clutch to your library.
 11208 | D:11     | Noticed a two-headed ogre
 11217 | D:11     | Killed a two-headed ogre
 11583 | D:10     | Found an opulent altar of Gozag.
 11816 | D:10     | Reached skill level 8 in Dodging
 12550 | D:11     | Noticed a two-headed ogre
 12553 | D:11     | Noticed a cyclops
 12555 | D:11     | Reached skill level 13 in Shields
 12558 | D:11     | Killed a two-headed ogre
 12564 | D:11     | Killed a cyclops
 13377 | D:11     | Reached XP level 12. HP: 78/79 MP: 13/13
 13436 | D:12     | Reached skill level 11 in Fighting
 13917 | D:12     | You pick up a book of Geomancy {forbidden} and begin
                  | reading...
 13917 | D:12     | You add the spells Sandblast, Passwall and Stone Arrow to
                  | your library.
 13949 | D:12     | Noticed a six-headed hydra
 13956 | D:12     | Killed a six-headed hydra
 14576 | D:11     | Reached skill level 9 in Dodging
 14764 | D:12     | HP: 29/120 [orc knight/bolt (9)]
 14764 | D:12     | HP: 9/120 [orc knight/+0 great mace (20)]
 15159 | D:12     | Reached skill level 12 in Fighting
 15358 | D:12     | Found a staircase to the Orcish Mines.
 15781 | D:12     | Found Caecveag's Antique Armour Boutique.
 15971 | D:13     | Noticed a tengu warrior
 15986 | D:13     | Killed a tengu warrior
 16245 | D:13     | Reached skill level 10 in Dodging
 16254 | D:13     | You are sucked into a shaft and drop 1 floor!
 16562 | D:14     | Reached skill level 13 in Fighting
 16650 | D:14     | Noticed Jorgrun
 16651 | D:14     | Found a gate leading to a gauntlet.
 16661 | D:14     | Killed Jorgrun
 17136 | D:14     | Noticed a fire dragon
 17136 | D:14     | Noticed a tengu warrior
 17136 | D:14     | Noticed a two-headed ogre
 17142 | D:14     | Killed a two-headed ogre
 17143 | D:14     | Reached XP level 13. HP: 89/89 MP: 14/14
 17169 | D:14     | HP: 2/89 [fire dragon/blast of flame (32)]
 17187 | D:14     | Reached skill level 14 in Fighting
 17202 | D:14     | HP: 16/90 [??? (13)]
 17243 | D:14     | Reached skill level 11 in Dodging
 17249 | D:14     | HP: 31/135 [skeletal warrior/+0 war axe[a death knight]
                  | (8)]
 17260 | D:14     | HP: 19/90 [skeletal warrior/+0 war axe[a death knight] (4)]
 17261 | D:14     | HP: 7/90 [skeletal warrior/+0 war axe[a death knight] (12)]
 17263 | D:14     | HP: 1/90 [skeletal warrior/+0 war axe[a death knight] (18)]
 17268 | D:14     | HP: 2/90 [wraith[a death knight] (8)]
 17672 | D:14     | HP: 20/91 [meliai/+0 hand axe (4)]
 17673 | D:14     | HP: 4/91 [meliai/+0 hand axe (6)]
 17674 | D:14     | Mangled by a centaur warrior

Vanquished Creatures
  Jorgrun (D:14)
  Erolcha (D:9)
  2 hydras
  Harold (D:9)
  A death knight (D:14)
  4 two-headed ogres
  3 tengu warriors
  2 skeletal warriors (D:14)
  2 orc knights
  A deep elf pyromancer (D:14)
  A salamander (shapeshifter) (D:14)
  3 cyclopes
  6 slime creatures
  Joseph (D:8)
  2 gargoyles
  An unseen horror (D:11)
  A tengu conjurer (D:13)
  7 trolls
  A hornet (D:10)
  A shadow (D:10)
  2 wyverns (D:11)
  19 yaks
  A vampire (D:13)
  A yak (shapeshifter) (D:14)
  A steam dragon (D:9)
  5 wraiths
  2 basilisks
  3 vampire mosquitoes (D:12)
  A harpy simulacrum (D:14)
  2 acid dragons
  2 water moccasins (D:7)
  2 black bears
  7 orc warriors
  2 sky beasts
  A wolf (Lair:1)
  An ogre (D:6)
  6 centaurs
  2 phantoms
  Blork the orc (D:6)
  4 bullfrogs
  A kobold brigand (D:7)
  3 gnoll sergeants
  3 scorpions
  3 necrophages
  4 wights (D:9)
  16 killer bees
  A howler monkey (D:4)
  2 hounds
  7 orc priests
  2 gnoll shamans
  9 orc wizards
  Natasha (D:3)
  3 iguanas
  3 mummies (Ossuary)
  20 gnolls
  5 adders
  A shadow imp (D:8)
  3 white imps
  An ufetubus (D:7)
  2 adder zombies (Ossuary)
  4 worms
  5 dart slugs
  43 orcs
  3 bats
  6 endoplasms
  4 giant cockroaches
  8 goblins
  10 hobgoblins
  7 quokkas
  6 ball pythons
  7 frilled lizards
  A goblin zombie (Ossuary)
  4 hobgoblin zombies (Ossuary)
  11 kobolds
  4 kobold zombies (Ossuary)
  An orc zombie (Ossuary)
  3 quokka zombies (Ossuary)
  7 rats
  3 rat zombies (Ossuary)
334 creatures vanquished.

Vanquished Creatures (collateral kills)
  A komodo dragon (Lair:1)
  A freezing wraith (D:14)
  A vampire mosquito (D:14)
  4 wolves (Lair:1)
7 creatures vanquished.

Vanquished Creatures (others)
  11 fungi
  73 plants
  4 toadstools (D:12)
88 creatures vanquished.

Grand Total: 429 creatures vanquished

Table legend:
 A = Non-vault XP
 B = Vault XP
 C = Vault XP percentage of total XP
 D = Non-vault monster count
 E = Vault monster count
 F = Vault count percentage of total count
                 A         B        C        D         E       F
            +---------+---------+-------+---------+---------+-------
      Total |   28189 |   11678 |  29.3 |     274 |      67 |  19.6
            +---------+---------+-------+---------+---------+-------
        D:1 |      51 |       0 |   0.0 |      27 |       0 |   0.0
        D:2 |      94 |       0 |   0.0 |      27 |       0 |   0.0
        D:3 |     267 |      39 |  12.7 |      24 |       3 |  11.1
        D:4 |     327 |       0 |   0.0 |      17 |       0 |   0.0
        D:5 |     354 |       0 |   0.0 |       7 |       0 |   0.0
        D:6 |     425 |      96 |  18.4 |      10 |       1 |   9.1
        D:7 |     659 |       0 |   0.0 |      14 |       0 |   0.0
        D:8 |    2364 |     439 |  15.7 |      19 |       1 |   5.0
        D:9 |    3240 |    1720 |  34.7 |      38 |       2 |   5.0
       D:10 |    2216 |     718 |  24.5 |      15 |       6 |  28.6
       D:11 |    4840 |     677 |  12.3 |      21 |       3 |  12.5
       D:12 |    3762 |    1213 |  24.4 |      26 |      20 |  43.5
       D:13 |    2612 |       0 |   0.0 |       6 |       0 |   0.0
       D:14 |    5638 |    6695 |  54.3 |      14 |      10 |  41.7
     Lair:1 |    1340 |       0 |   0.0 |       9 |       0 |   0.0
    Ossuary |       0 |      81 | 100.0 |       0 |      21 | 100.0
            +---------+---------+-------+---------+---------+-------

Illustrated notes

Table legend:
 A = Kills in this place as a percentage of kills in entire the game.
 B = Kills by you in this place as a percentage of kills by you in the entire game.
 C = Kills by friends in this place as a percentage of kills by friends in the entire game.
 D = Other kills in this place as a percentage of other kills in the entire game.
 E = Experience gained in this place as a percentage of experience gained in the entire game.
 F = Experience gained in this place divided by the number of levels of this place that you have seen.
                   A       B       C       D       E      F
               +-------+-------+-------+-------+-------+----------------------
         Total | 100.0 | 100.0 | 100.0 |   N/A | 100.0 | 2345.1
       Dungeon |  91.2 |  92.5 |  28.6 |   N/A |  96.4 | 2746.1
          Lair |   2.6 |   1.2 |  71.4 |   N/A |   3.4 | 670.0
       Ossuary |   6.2 |   6.3 |   0.0 |   N/A |   0.2 |  81.0
               +-------+-------+-------+-------+-------+----------------------

Table legend: (Time is in decaauts)
 A = Elapsed time spent in this place.
 B = Non-inter-level travel time spent in this place.
 C = Inter-level travel time spent in this place.
 D = Time resting spent in this place.
 E = Time spent auto-exploring this place.
 F = Levels seen in this place.
 G = Mean time per level.
                   A        B        C        D        E       F      G
               +--------+--------+--------+--------+--------+-----+--------+
         Total |  17401 |  16869 |    532 |   6209 |   7947 |  17 | 1023.6 |
       Dungeon |  16430 |  15967 |    463 |   5908 |   7508 |  14 | 1173.6 |
          Lair |    646 |    577 |     69 |    189 |    326 |   2 |  323.0 |
       Ossuary |    324 |    324 |      0 |    112 |    112 |   1 |  324.0 |
               +--------+--------+--------+--------+--------+-----+--------+

Top non-repeatable levels by time:
    D:10: 2087 daAuts
    D:12: 1774 daAuts
     D:9: 1622 daAuts
     D:1: 1514 daAuts
    D:11: 1471 daAuts
    D:14: 1415 daAuts
     D:3: 1364 daAuts
     D:8: 1119 daAuts
     D:2: 926 daAuts
     D:7: 897 daAuts
     D:6: 742 daAuts
  Lair:1: 644 daAuts
     D:4: 590 daAuts
     D:5: 461 daAuts
    D:13: 441 daAuts
